 Dungeon Crawl Stone Soup version 0.17.0-15-g6d90897 (webtiles) character file.

582753 inmateoo the Imperceptible (level 25, -13/213 HPs)
             Began as a Vampire Enchanter on Nov 10, 2015.
             Was the Champion of Dithmenos.
             Mangled by Null the pandemonium lord (34 damage)
             ... on level 15 of the Dungeon.
             The game lasted 04:35:06 (66646 turns).

inmateoo the Imperceptible (Vampire Enchanter)     Turns: 66646, Time: 04:35:07

Health: -13/213    AC: 20    Str: 18    XL:     25   Next: 98%
Magic:  38/43      EV: 33    Int: 22    God:    Dithmenos [******]
Gold:   2546       SH:  7    Dex: 25    Spells: 13 memorised, 3 levels left

rFire  + + .     SeeInvis +     W - +9 demon blade (elec)
rCold  . . .     Clarity  .     d - +5 robe of Rayria {rF+}
rNeg   + . .     SustAt   .     e - +0 buckler "Odigan" {rCorr Stlth+}
rPois  +         Gourm    .     L - +1 hat of the Lobster {rPois rCorr Str+4}
rElec  .         Spirit   .     G - +2 cloak
rCorr  +         Warding  .     z - +0 pair of gloves "Edghutosi" {MR+ Regen+}
rMut   .         Rnd*Tele +     O - +2 pair of boots {Fly}
MR     +++++                    S - amulet of regeneration
Stlth  +++++++...               u - ring of Iblihin {rPois rF+ Str+5 Int-2}
                                i - ring of the Mage {Wiz MR++ Int+3}

@: about to teleport, flying, very slightly contaminated, wreathed by umbra,
studying 2 skills, deflect missiles, almost entirely resistant to hostile
enchantments, extremely stealthy
A: fangs 3, repulsion field 1, icy blue scales 2, see invisible, agile 1,
deformed body, robust 1, strong 1, teleportitis 1, unbreathing, no device heal
1, subdued magic 1, MP-powered wands
a: Bat Form, Shadow Step, Shadow Form, Renounce Religion, Stop Flying
0: Orb of Zot
}: 3/15 runes: serpentine, barnacled, abyssal


You were on level 15 of the Dungeon.
You worshipped Dithmenos.
Dithmenos was exalted by your worship.
You were not thirsty.

You visited 10 branches of the dungeon, and saw 53 of its levels.
You visited the Abyss 1 time.
You visited 1 ziggurat, and saw 6 of its levels.
You also visited: Labyrinth, Bailey, Volcano and Wizlab.

You collected 6262 gold pieces.
You spent 3716 gold pieces at shops.

Inventory:

Hand Weapons
 m - the +8 quick blade of the Final Chapter {freeze, +Inv rF- Str+4}
   (You acquired it on level 3 of the Snake Pit)

   It has been specially enchanted to freeze those struck by it, causing extra
   injury to most foes and up to half again as much damage against particularly
   susceptible opponents.
   It can also slow down cold-blooded creatures.
   It affects your strength (+4).
   It makes you vulnerable to fire.
   It lets you turn invisible.
 V - the +9 Staff of Wucad Mu {channel}
   (You found it in a wizard's laboratory)
 W - a +9 demon blade of electrocution (weapon)
Armour
 d - the +5 robe of Rayria (worn) {rF+}
   (You found it on level 2 of the Lair of Beasts)

   It protects you from fire.
 e - the +0 buckler "Odigan" (worn) {rCorr Stlth+}
   (You acquired it on level 3 of a ziggurat)

   It protects you from acid and corrosion.
   It makes you more stealthy.
 z - the +0 pair of gloves "Edghutosi" (worn) {MR+ Regen+}
   (You acquired it on level 5 of a ziggurat)

   It affects your resistance to hostile enchantments.
   It increases your rate of regeneration.
 A - a +2 hat of magic resistance
 D - a +2 pair of gloves of dexterity
 G - a +2 cloak (worn)
 L - the +1 hat of the Lobster (worn) {rPois rCorr Str+4}
   (You acquired it on level 4 of the Vaults)

   It affects your strength (+4).
   It protects you from poison.
   It protects you from acid and corrosion.
 O - a +2 pair of boots of flying (worn)
 Y - a +9 gold dragon armour
Rods
 y - a +9 rod of shadows (17/17)
   (You found it on level 6 of a ziggurat)
Jewellery
 i - the ring of the Mage (left hand) {Wiz MR++ Int+3}
   (You found it on level 4 of a ziggurat)

   [ring of wizardry]

   It improves your spell success rate.
   It affects your intelligence (+3).
   It affects your resistance to hostile enchantments.
 u - the ring of Iblihin (right hand) {rPois rF+ Str+5 Int-2}
   (You bought it in a shop on level 2 of the Orcish Mines)

   [ring of poison resistance]

   It affects your strength (+5).
   It affects your intelligence (-2).
   It protects you from fire.
   It protects you from poison.
 C - an uncursed ring of protection from fire
 J - an uncursed amulet of guardian spirit
 N - an uncursed amulet of resist corrosion
 S - an amulet of regeneration (around neck)
Wands
 f - a wand of lightning (10)
 p - a wand of disintegration (6)
 s - a wand of teleportation (4)
 B - a wand of cold (8)
 T - a wand of digging (12)
 X - a wand of draining (9)
Scrolls
 a - 4 scrolls of identify
 g - 24 scrolls of remove curse
 l - 12 scrolls of teleportation
 o - 3 scrolls of blinking
 q - 3 scrolls of amnesia
 r - 8 scrolls of magic mapping
 t - 5 scrolls of fog
 P - 5 scrolls of recharging
 U - 3 scrolls of fear
Potions
 b - 2 potions of cure mutation
 h - 10 potions of curing
 j - 7 potions of cancellation
 k - 3 potions of resistance
 n - 5 potions of might
 w - 12 potions of brilliance
 x - 4 potions of magic
 I - a potion of berserk rage
 Q - 4 potions of haste
 R - 9 potions of agility
Books
 F - a manual of Stealth
 H - a book of Enchantments

   Spells                             Type                      Level
   a - Cause Fear                     Hexes                        4
   b - Silence                        Hexes/Air                    5
   c - Deflect Missiles               Charms/Air                   6
   d - Haste                          Charms                       6
   e - Discord                        Hexes                        8
 Z - a manual of Armour
Miscellaneous
 c - a fan of gales (inert)
 v - a phial of floods (inert)
 K - a box of beasts {used: 10}


   Skills:
 - Level 15.0 Fighting
 - Level 13.1(16.2) Short Blades
 - Level 14.7(16.3) Long Blades
 - Level 15.0 Armour
 - Level 18.1 Dodging
 - Level 23.0 Stealth
 - Level 5.6 Shields
 * Level 16.6 Spellcasting
 + Level 22.2 Hexes
 + Level 9.4 Charms
 * Level 6.3 Air Magic
 - Level 3.3 Invocations
 * Level 14.1 Evocations


You had 3 spell levels left.
You knew the following spells:

 Your Spells              Type           Power        Failure   Level  Hunger
a - Fulminant Prism       Conj/Hex       #####.....   1%          4    None
b - Ensorcelled Hibernat  Hex/Ice        #####.       0%          2    None
c - Confuse               Hex            ######..     0%          3    None
d - Dazzling Spray        Conj/Hex       #####...     0%          3    None
e - Tukima's Dance        Hex            ######..     0%          3    None
f - Invisibility          Hex            ######..     0%          6    ####...
g - Darkness              Hex            ######....   0%          6    ####...
h - Repel Missiles        Chrm/Air       #####.       0%          2    None
i - Blink                 Tloc           N/A          1%          2    None
j - Discord               Hex            ######....   1%          8    #######
k - Haste                 Chrm           #####...     2%          6    ####...
l - Regeneration          Chrm/Necr      ####......   1%          3    None
m - Deflect Missiles      Chrm/Air       #####.....   4%          6    ####...


Dungeon Overview and Level Annotations

Branches:
Dungeon (15/15)            Temple (1/1) D:4            Lair (8/8) D:9
 Shoals (4/4) Lair:5        Snake (4/4) Lair:5        Slime (0/6) Lair:7
    Orc (4/4) D:12            Elf (3/3) Orc:4        Vaults (4/5) D:13
  Crypt (0/3) Vaults:3     Depths (5/5) D:15            Zot (5/5) Depths:5

Altars:
Ashenzari
Cheibriados
Dithmenos
Elyvilon
Fedhas
Gozag
Kikubaaqudgha
Makhleb
Nemelex Xobeh
Okawaru
Qazlal
Ru
Sif Muna
Trog
Vehumet
Xom
Yredelemnul
Zin
The Shining One
Jiyva

Shops:
D:7 %   D:11 ?*[   D:14 [   Orc:2 =   Orc:4 %?!(   Elf:2 =   Vaults:2 (
Vaults:3 =(

Portals:
Hell: Depths:1 Depths:2 Depths:3 Depths:4 Depths:5
Abyss: Depths:3 Depths:4
Pandemonium: Depths:1 Depths:3 Depths:5

Annotations:
Elf:2 3 runed doors
Zot:2 exclusions: death cob and lightning spire


Innate Abilities, Weirdness & Mutations

You have razor-sharp teeth.
You have supernaturally acute eyesight.
You can survive without breathing.
You are surrounded by a mild repulsion field (EV +2).
You are mostly covered in icy blue scales (AC +3, EV -1).
You are agile. (Dex +2)
Armour fits poorly on your strangely shaped body.
You are robust (+10% HP).
Your muscles are strong. (Str +2)
You are occasionally teleported to nearby monsters.
Potions and wands are less effective at restoring your health.
Your spells are a little easier to cast, but a little less powerful.
You expend magic power (3 MP) to strengthen your wands.


Message History

Unknown command.
Unknown command.
Unknown command.
Casting: Confuse
Confirm with . or Enter, or press ? or * to list all spells.
Aiming: Confuse
Press: ? - help, Shift-Dir - straight line, f - Null
Aim: Null (umbra, chance to defeat MR: 0%)
Okay, then.
Unknown command.
Drink which item? (? for menu, Esc to quit)
Okay, then.
Read which item? (? for menu, Esc to quit)
As you read the scroll of teleportation, it crumbles to dust.
You feel strangely unstable.
You feel the Orb delaying your translocation!
Null hits you!!!
* * * LOW HITPOINT WARNING * * *
Null hits you!!
You die...

#...#..#.###.'.....#####.....#..
#.#.#..#.....#####.##..#.##..###
#.#.#..'.........####..#...).###
#...#..#......##.# #..'.....#.'
#...'..#......##.# #..#..#..#.#
#...####.........# #####.....#.#
#...####.....##### #..##.....#.#
#.#.#..########## ##..##.....###
#...#.......# #@###.####.....#
#...#.......# ##&1.#...#..##.# #
#.#.#'###...# #.≈.#.≈.#.....# #
#.#.#..##...# ##...#...#.....# #
#...'..##...###.###'####...#.# #
#...#.[######..#...#...#..%#.# #
#.#.####....#).#.≈.#.≈.'...#.###
#.#.# #....####...#...#...[....
#<..# #.......#.#.....#...[..#.


You could see Null and a Brimstone Fiend.

Vanquished Creatures
  An ancient lich (Zot:5)
  An orb of fire (Zot:5)
  A juggernaut (Depths:2)
  Norris (Snake:2)
  A Killer Klown (Zot:3)
  2 caustic shrikes (Depths:3)
  Nikola (Depths:2)
  8 golden dragons
  A pandemonium lord (Depths:4)
  Jorgrun (Snake:2)
  10 tentacled monstrosities
  3 electric golems
  4 liches
  8 Orb Guardians (Zot:5)
  5 deep elf master archers
  2 deep elf blademasters (Elf:3)
  2 krakens
  2 sphinxes
  8 death cobs
  10 storm dragons
  Frances (Shoals:1)
  An octopode crusher (Depths:3)
  The ghost of dorian the Tortoise, an adept FoAK of Lugonu (Depths:2)
  2 tengu reavers
  A shadow dragon (Depths:5)
  The ghost of Juudaz the Warrior, a journeyman MiFi of Okawaru (Snake:1)
  Roxanne (Snake:1)
  3 draconian monks
  3 azure jellies (Lair:7)
  Ilsuiw (Shoals:4)
  14 greater nagas
  Wiglaf (Depths:2)
  2 draconian scorchers
  Donald (Orc:4)
  10 frost giants
  3 draconian knights
  5 vault wardens
  3 ghost moths
  Aizul (Depths:2)
  5 deep elf sorcerers
  6 fire giants
  2 spriggan defenders (Depths:4)
  A draconian zealot (Depths:5)
  An emperor scorpion (Zig:2)
  The ghost of MDvedh the Basher, a journeyman MiEn of Gozag (Orc:4)
  A draconian annihilator (Abyss:2)
  7 ironheart preservers
  A draconian caller (Zot:3)
  4 very ugly things
  4 green draconians
  11 stone giants
  3 deep elf demonologists
  2 vampire knights (Depths:4)
  Nessos (D:15)
  2 black draconians (Zot:4)
  9 deep elf annihilators
  2 yellow draconians (Depths:5)
  A salamander stormcaller (Vaults:4)
  A dire elephant (D:15)
  4 mottled draconians
  A red draconian (Zot:4)
  2 white draconians (Zot:2)
  6 purple draconians
  An ettin (shapeshifter) (Vaults:2)
  An eidolon (Abyss:2)
  A minotaur (Lab)
  Snorg (Lair:6)
  6 merfolk javelineers (Shoals:4)
  4 deep elf death magi (Elf:3)
  11 ettins
  2 mummy priests (Zig:1)
  8 merfolk impalers
  14 vault guards
  A deep elf high priest (Elf:3)
  17 fire dragons
  Josephine (Orc:4)
  12 yaktaur captains
  17 ogre magi
  5 great orbs of eyes
  10 rakshasas
  5 entropy weavers
  Harold (D:11)
  10 ice dragons
  21 anacondas
  5 hydras
  14 naga warriors
  9 spriggan air magi
  12 centaur warriors
  3 merfolk avatars
  Erica (D:8)
  2 catoblepae
  6 merfolk aquamancers
  9 deep troll shamans
  6 deep troll earth magi
  2 alligator snapping turtles (Shoals:3)
  2 tengu warriors (Depths:5)
  4 thrashing horrors (Abyss:4)
  3 dancing weapons
  The ghost of MDvedh the Cruncher, a novice MiEn of Okawaru (Lair:1)
  7 shock serpents
  A vampire mage (Depths:2)
  20 naga sharpshooters
  A shock serpent (shapeshifter) (Depths:2)
  6 spriggan berserkers
  Sonja (D:15)
  Nergalle (Lair:2)
  A hell knight (Depths:1)
  2 spriggans (Depths:4)
  11 unseen horrors
  2 wretched stars
  5 skeletal warriors (Vaults:1)
  28 deep elf knights
  2 soul eaters
  The ghost of st0uf the Schismatic, a novice DsAK of Lugonu (Bailey)
  16 sea snakes
  A fire crab (shapeshifter) (Vaults:1)
  4 iron trolls
  An infernal demonspawn (Depths:1)
  8 salamander mystics
  A shadow wraith (Vaults:4)
  15 deep trolls
  2 ice devils
  2 flayed ghosts
  4 naga ritualists
  2 giant orange brains
  23 harpies
  An obsidian statue (Zig:3)
  9 deep elf summoners
  A shadow dragon zombie (Depths:4)
  A phantasmal warrior (Vaults:2)
  Pikel (D:9)
  5 hill giants
  7 ironbrand convokers
  8 orc knights
  18 deep elf conjurers
  A wolf spider zombie (D:13)
  43 ugly things
  5 lindwurms
  An orb spider (shapeshifter) (Depths:1)
  3 wizards
  10 mana vipers
  An orc sorcerer (Zig:5)
  An orb spider (Abyss:4)
  9 manticores
  5 wolf spiders
  14 griffons
  A salamander (shapeshifter) (Depths:2)
  12 fauns
  A hornet (Vaults:3)
  3 oklob plants (Lair:5)
  14 salamanders
  An elephant (shapeshifter) (Depths:1)
  24 naga magi
  2 necromancers
  A sixfirhy (Depths:3)
  12 cyclopes
  10 guardian serpents
  A manticore (shapeshifter) (Elf:1)
  A sphinx skeleton (Depths:4)
  A rust devil (Depths:1)
  A hornet (shapeshifter) (Vaults:1)
  10 vault sentinels
  9 sirens
  The ghost of Aelig the Dealer of Despair, a novice OpNe of Kikubaaqudgha (Bailey)
  A molten gargoyle (Volcano)
  Maurice (D:8)
  39 black mambas
  7 water nymphs
  17 moths of wrath
  15 elephants
  A frost giant skeleton (Depths:4)
  12 spiny frogs
  An apocalypse crab (Abyss:2)
  Psyche (D:8)
  2 centaur zombies
  A smoke demon (Depths:3)
  3 orange demons (Elf:2)
  2 kobold demonologists
  4 gargoyles
  40 yaktaurs
  A tormentor (Depths:3)
  2 efreet
  A demonic crawler (Abyss:3)
  3 tengu conjurers
  5 fire drakes
  An ancient zyme (Abyss:2)
  6 deep elf priests
  6 freezing wraiths
  8 trolls
  9 komodo dragons
  A blue devil (Zig:3)
  9 polar bears
  30 merfolk
  3 wind drakes
  2 jumping spiders (Depths:3)
  A boulder beetle (shapeshifter) (Depths:1)
  12 wargs
  6 boulder beetles
  A two-headed ogre (shapeshifter) (Vaults:4)
  A human simulacrum (Vaults:1)
  A jumping spider (shapeshifter) (Vaults:1)
  38 slime creatures
  2 raiju
  4 large abominations (Abyss:2)
  44 two-headed ogres
  44 blink frogs
  A wind drake (shapeshifter) (Elf:1)
  7 air elementals
  11 snapping turtles
  31 yaks
  3 shadows
  4 wraiths
  15 redbacks
  A trapdoor spider (D:15)
  A basilisk (Lair:4)
  6 wyverns
  29 deep elf magi
  32 deep elf fighters
  A neqoxec (Abyss:2)
  A redback (shapeshifter) (Vaults:1)
  3 fire bats (Lair:3)
  8 water elementals
  A tarantella (Depths:1)
  8 hippogriffs
  A hog (shapeshifter) (Vaults:1)
  14 vampire mosquitoes
  16 wolves
  2 ynoxinuls (Abyss:2)
  4 mottled dragons
  A hungry ghost (D:13)
  Menkaure (D:5)
  4 hell hounds (Lair:8)
  5 swamp worms (D:10)
  Edmund (D:5)
  2 soldier ants
  3 small abominations
  14 porcupines
  17 water moccasins
  41 nagas
  7 sky beasts
  4 phantoms
  40 orc warriors
  4 ice beasts
  A spider (Zig:2)
  12 boggarts
  14 black bears
  2 slaves (D:8)
  4 wasps
  An eye of draining (D:15)
  12 crocodiles
  77 ogres
  20 centaurs
  2 gnoll sergeants (D:12)
  9 big kobolds
  19 giant frogs
  A wyvern zombie (D:12)
  A wyvern skeleton (D:12)
  10 scorpions
  9 wights
  41 killer bees
  6 quasits
  An iron imp (Depths:3)
  2 electric eels (Lair:7)
  11 crimson imps
  3 giant frog zombies
  A giant frog skeleton (D:11)
  19 hounds
  4 centaur skeletons
  30 orc priests
  4 jellies
  27 orc wizards
  11 iguanas
  11 worker ants
  5 polar bear simulacra (D:13)
  2 wolf simulacra (D:13)
  37 sheep
  A hound skeleton (D:9)
  A worker ant zombie (D:3)
  49 river rats
  15 adders
  3 gnolls (D:12)
  4 shadow imps
  3 ufetubi (Depths:3)
  3 oozes
  An adder skeleton (D:7)
  14 worms
  5 giant geckos
  207 orcs
  A bat (D:1)
  7 giant cockroaches
  3 goblins
  5 hobgoblins
  20 jackals
  20 kobolds
  5 quokkas
  8 giant newts
  3 rats
  4 river rat simulacra (D:13)
  2 lurking horrors (Abyss:4)
  A plant (Lair:5)
2376 creatures vanquished.

Vanquished Creatures (collateral kills)
  Vashnia (Snake:2)
  A curse toe (Zot:2)
  2 golden dragons
  A bone dragon (Abyss:2)
  An electric golem (Zig:6)
  A lich (Depths:4)
  Rupert (Lair:6)
  A tentacled monstrosity (Zot:4)
  8 Orb Guardians (Zot:5)
  Gastronok (D:10)
  A shadow dragon (Zot:5)
  A tengu reaver (Depths:2)
  A greater naga (Snake:2)
  A frost giant (Depths:4)
  Maud (D:10)
  A deep elf sorcerer (Elf:3)
  A balrug (Depths:1)
  A draconian shifter (Zot:4)
  An orange crystal statue (WizLab)
  A stone giant (Depths:2)
  2 deep elf annihilators (Elf:3)
  A red draconian (Zot:4)
  A purple draconian (Zot:4)
  An ettin (Depths:2)
  2 vault guards
  A naga warrior (Snake:4)
  A caustic shrike simulacrum (Depths:4)
  4 spriggan air magi
  2 ogre magi
  2 tengu warriors (Depths:4)
  2 naga sharpshooters
  An orc high priest (Zig:5)
  A skeletal warrior (D:12)
  A necromancer (Depths:4)
  2 deep trolls
  An ironbrand convoker (Vaults:1)
  A golden dragon skeleton (Depths:4)
  2 ugly things (Depths:4)
  A hill giant (D:10)
  An orc sorcerer (Zig:5)
  3 moths of wrath (Zot:4)
  A cyclops (Vaults:1)
  A salamander (Snake:3)
  A black mamba (Snake:4)
  4 naga magi
  A deep elf priest (Elf:3)
  2 yaktaurs
  A freezing wraith (Zig:3)
  A blue devil (Zig:3)
  A tengu conjurer (Depths:4)
  A slime creature (Depths:3)
  2 two-headed ogres
  A flying skull (Zig:3)
  A deep troll skeleton (Zig:3)
  An air elemental (Depths:3)
  A small abomination (Abyss:2)
  A redback (Depths:3)
  2 deep elf magi (Elf:3)
  A deep elf fighter (Elf:3)
  6 nagas
  3 spatial vortices (Abyss:4)
  A vampire mosquito (Vaults:1)
  A mottled dragon (D:13)
  2 orc warriors (Bailey)
  2 ogres
  5 centaurs
  An orc wizard (Zig:5)
  A hound (D:13)
  A white imp (Zig:3)
  A worm (D:10)
  19 orcs
128 creatures vanquished.

Vanquished Creatures (others)
  3 Orb Guardians (Zot:5)
  A deep elf sorcerer (Elf:3)
  2 very ugly things (Depths:4)
  A stone giant (Depths:4)
  A mottled draconian (Zot:4)
  An ice dragon (Zot:4)
  An ogre mage (Orc:4)
  12 dancing weapons
  A deep troll shaman (Depths:5)
  A deep elf knight (Elf:3)
  A shock serpent (Zig:6)
  A mana viper (Snake:4)
  A deep elf summoner (Elf:3)
  A deep troll (Depths:5)
  An ugly thing (Depths:4)
  3 yaktaurs
  A red devil (Depths:3)
  3 two-headed ogres
  A raiju (Zig:6)
  A snapping turtle (shapeshifter) (Vaults:2)
  2 deep elf magi (Elf:3)
  A deep elf fighter (D:13)
  A hell hound (Depths:1)
  2 slaves (D:9)
  3 ogres (Vaults:2)
  4 centaurs
  A quasit (Depths:3)
  A white imp (Zig:3)
  6 orcs (Zig:5)
  8 fungi
  11 plants
  4 starspawn tentacles (Abyss:3)
  9 starspawn tentacle segments (Abyss:3)
  4 tentacles (Shoals:4)
  31 tentacle segments (Shoals:4)
126 creatures vanquished.

Grand Total: 2630 creatures vanquished

Notes
Turn   | Place    | Note
--------------------------------------------------------------
     0 | D:1      | inmateoo the Vampire Enchanter began the quest for the Orb.
     0 | D:1      | Reached XP level 1. HP: 13/13 MP: 3/3
   296 | D:1      | Reached XP level 2. HP: 19/19 MP: 5/5
   766 | D:1      | Learned a level 2 spell: Ensorcelled Hibernation
  1258 | D:2      | Found an opulent altar of Gozag.
  1443 | D:2      | Reached skill level 5 in Stealth
  1443 | D:2      | Reached XP level 3. HP: 12/24 MP: 6/6
  1526 | D:2      | Found a radiant altar of Vehumet.
  1707 | D:3      | Learned a level 3 spell: Confuse
  1839 | D:3      | Found a faded altar to an unknown god.
  2125 | D:3      | Reached XP level 4. HP: 30/30 MP: 7/7
  2652 | D:4      | Reached skill level 5 in Hexes
  2652 | D:4      | Reached XP level 5. HP: 29/35 MP: 5/8
  2658 | D:4      | Learned a level 3 spell: Dazzling Spray
  2751 | D:4      | Noticed an ogre
  2763 | D:4      | Killed an ogre
  2763 | D:4      | Reached skill level 6 in Stealth
  3025 | D:4      | Found a staircase to the Ecumenical Temple.
  3035 | Temple   | Entered the Ecumenical Temple
  3082 | Temple   | Became a worshipper of Dithmenos the Shadowed
  3478 | D:5      | Entered Level 5 of the Dungeon
  3499 | D:5      | Reached XP level 6. HP: 41/41 MP: 10/10
  3517 | D:5      | Noticed Menkaure
  3518 | D:5      | Noticed a phantom
  4231 | D:5      | Found an iron altar of Okawaru.
  4231 | D:5      | Found a burning altar of Makhleb.
  4231 | D:5      | Noticed a centaur
  4231 | D:5      | Noticed an ice beast
  4390 | D:5      | Noticed a sky beast
  4398 | D:5      | Killed a sky beast
  4398 | D:5      | Reached skill level 7 in Stealth
  4464 | D:5      | Noticed Edmund
  4473 | D:5      | Killed Edmund
  4473 | D:5      | Reached XP level 7. HP: 33/46 MP: 8/12
  4626 | D:5      | Killed Menkaure
  4685 | D:5      | Killed an ice beast
  4750 | D:5      | Reached skill level 5 in Dodging
  5018 | D:6      | Reached skill level 8 in Stealth
  5018 | D:6      | Reached XP level 8. HP: 52/52 MP: 14/14
  5042 | D:6      | Found a blossoming altar of Fedhas.
  5589 | D:6      | Found a burning altar of Makhleb.
  5589 | D:6      | Noticed an Executioner
  5821 | D:7      | Learned a level 3 spell: Tukima's Dance
  6247 | D:7      | Reached skill level 5 in Short Blades
  6269 | D:7      | Found Kudutz's Food Boutique.
  6300 | D:7      | Reached skill level 9 in Stealth
  6519 | D:7      | Reached * piety under Dithmenos
  6636 | D:7      | Reached XP level 9. HP: 57/57 MP: 14/16
  6688 | D:7      | Reached skill level 5 in Spellcasting
  6829 | D:7      | Reached skill level 10 in Stealth
  7081 | D:8      | Noticed Psyche
  7085 | D:8      | Killed Psyche
  7224 | D:8      | Noticed Erica
  7414 | D:8      | Killed Erica
  7455 | D:8      | Noticed Pikel
  7482 | D:9      | Reached skill level 11 in Stealth
  7493 | D:9      | Reached ** piety under Dithmenos
  7584 | D:9      | Reached skill level 10 in Hexes
  7584 | D:9      | Reached XP level 10. HP: 35/63 MP: 12/19
  7655 | D:9      | Found a staircase to the Lair.
  7809 | D:9      | Killed Pikel
  8087 | D:8      | Noticed a cyclops
  8377 | D:8      | Killed a cyclops
  8527 | D:8      | Identified the Reference Book on Lethal Poison
  8547 | D:8      | Noticed Maurice
  8566 | D:8      | Killed Maurice
  8566 | D:8      | Reached skill level 12 in Stealth
  8909 | D:9      | Found a blossoming altar of Fedhas.
  9118 | D:9      | Found a sparkling altar of Nemelex Xobeh.
  9348 | D:9      | Reached *** piety under Dithmenos
  9531 | D:9      | Found a glowing golden altar of the Shining One.
  9575 | D:10     | Entered Level 10 of the Dungeon
  9598 | D:10     | Noticed Gastronok
  9811 | D:10     | Noticed a hill giant
  9816 | D:10     | Killed a hill giant
  9920 | D:10     | Noticed an unseen horror
  9928 | D:10     | Killed an unseen horror
 10014 | D:10     | Reached XP level 11. HP: 68/68 MP: 21/21
 10224 | D:10     | Noticed Maud
 10244 | D:10     | Killed Maud
 10244 | D:10     | Reached skill level 13 in Stealth
 10684 | D:10     | Found a shimmering altar of Xom.
 11203 | D:10     | Killed Gastronok
 11275 | D:11     | Found a shimmering altar of Xom.
 11290 | D:11     | Found Jieceir's Magic Scroll Boutique.
 11296 | D:11     | Bought a scroll of brand weapon for 220 gold pieces
 11383 | D:11     | Noticed a five-headed hydra
 11388 | D:11     | Killed a five-headed hydra
 11559 | D:11     | Found Qitexil's Assorted Antiques.
 11567 | D:11     | Bought a scroll of identify for 64 gold pieces
 11620 | D:11     | Noticed Harold
 11624 | D:11     | Killed Harold
 11705 | D:11     | Noticed a manticore
 11713 | D:11     | Killed a manticore
 11713 | D:11     | Reached **** piety under Dithmenos
 11713 | D:11     | Reached skill level 10 in Dodging
 11713 | D:11     | Reached skill level 14 in Stealth
 11758 | D:11     | Found Efaceam's Antique Armour Shoppe.
 12007 | D:12     | Found a flagged portal.
 12017 | Bailey   | Entered a bailey
 12017 | Bailey   | Noticed Aelig's ghost (novice OpNe)
 12017 | Bailey   | Noticed st0uf's ghost (novice DsAK)
 12033 | Bailey   | Killed st0uf's ghost
 12059 | Bailey   | Reached XP level 12. HP: 57/74 MP: 7/24
 12070 | Bailey   | Killed Aelig's ghost
 12707 | Bailey   | Reached skill level 10 in Short Blades
 13489 | D:12     | Found a staircase to the Orcish Mines.
 13621 | D:12     | Reached skill level 1 in Armour
 13893 | D:12     | Reached skill level 1 in Fighting
 14511 | D:12     | Reached ***** piety under Dithmenos
 14788 | D:11     | Bought a pair of runed boots for 126 gold pieces
 14885 | Lair:1   | Entered Level 1 of the Lair of Beasts
 15085 | Lair:1   | Reached skill level 15 in Stealth
 15223 | Lair:1   | Noticed MDvedh's ghost (novice MiEn)
 15236 | Lair:1   | Killed MDvedh's ghost
 16276 | Lair:2   | Noticed Nergalle
 16281 | Lair:2   | Killed Nergalle
 16795 | Lair:2   | Got a shimmering robe
 16806 | Lair:2   | Identified the +5 robe of Rayria {rF+} (You found it on level 2 of the Lair of Beasts)
 16974 | Lair:3   | Found a labyrinth entrance.
 16985 | Lab      | Entered a labyrinth
 17144 | Lab      | Noticed a minotaur
 17152 | Lab      | Killed a minotaur
 17219 | Lair:3   | Found a dark tunnel.
 17251 | Volcano  | Entered a volcano
 17267 | Volcano  | Reached XP level 13. HP: 87/89 MP: 25/25
 17630 | Lair:3   | Learned a level 6 spell: Invisibility
 17637 | Lair:3   | Learned a level 6 spell: Darkness
 17813 | Lair:3   | Reached skill level 5 in Fighting
 18126 | Lair:3   | Reached skill level 5 in Armour
 19026 | Lair:5   | Found a staircase to the Snake Pit.
 19127 | Lair:5   | Reached skill level 16 in Stealth
 19371 | Lair:5   | Identified a scroll of acquirement
 19755 | Lair:5   | Found a staircase to the Shoals.
 20066 | Lair:6   | Noticed Snorg
 20073 | Lair:6   | Killed Snorg
 20096 | Lair:6   | Reached XP level 14. HP: 101/101 MP: 27/27
 20262 | Lair:6   | Noticed Rupert
 20281 | Lair:6   | Killed Rupert
 20302 | Lair:6   | Got a twisted robe
 20350 | Lair:6   | Identified the +3 robe of Distant Shores {rPois Int+5 Dex-5 Stlth+} (You found it on level 6 of the Lair of Beasts)
 20821 | Lair:7   | Gained mutation: You are partially covered in icy blue scales (AC +1). [potion of mutation]
 20821 | Lair:7   | Gained mutation: You have sharp toenails. [potion of mutation]
 20821 | Lair:7   | Gained mutation: You are weak. (Str -2) [potion of mutation]
 20822 | Lair:7   | Lost mutation: You are weak. (Str -2) [potion of mutation]
 20822 | Lair:7   | Gained mutation: You are mostly covered in icy blue scales (AC +3, EV -1). [potion of mutation]
 20823 | Lair:7   | Gained mutation: Your muscles are strong. (Str +2) [potion of beneficial mutation]
 21194 | Lair:7   | Found a runed door.
 21195 | Lair:7   | Found a viscous altar of Jiyva.
 21195 | Lair:7   | Noticed an azure jelly
 21195 | Lair:7   | Noticed an azure jelly
 21197 | Lair:7   | Found a staircase to the Slime Pits.
 21197 | Lair:7   | Noticed an azure jelly
 21204 | Lair:7   | Killed an azure jelly
 21205 | Lair:7   | Killed an azure jelly
 21205 | Lair:7   | Reached skill level 17 in Stealth
 21205 | Lair:7   | Reached skill level 10 in Spellcasting
 21208 | Lair:7   | Killed an azure jelly
 21208 | Lair:7   | Reached skill level 15 in Hexes
 21459 | Lair:8   | Entered Level 8 of the Lair of Beasts
 21568 | Lair:8   | Reached ****** piety under Dithmenos
 22162 | Lair:8   | Reached skill level 1 in Evocations
 22585 | Lair:8   | Gained mutation: You are robust (+10% HP). [helix card]
 22603 | Lair:8   | Lost mutation: You have sharp toenails. [helix card]
 22682 | Lair:8   | Reached skill level 1 in Invocations
 23097 | Lair:8   | Reached XP level 15. HP: 113/123 MP: 24/29
 23566 | Orc:1    | Entered Level 1 of the Orcish Mines
 24396 | Orc:2    | Found Unadente's Jewellery Shop.
 25330 | Orc:4    | Entered Level 4 of the Orcish Mines
 25330 | Orc:4    | Noticed Donald
 25337 | Orc:4    | Killed Donald
 25350 | Orc:4    | Found a staircase to the Elven Halls.
 25496 | Orc:4    | Noticed Josephine
 25497 | Orc:4    | Found Uliabeimer's Weapon Shoppe.
 25504 | Orc:4    | Killed Josephine
 25637 | Orc:4    | Found a bloodstained altar of Trog.
 25732 | Orc:4    | Found Agiziqog's Magic Scroll Shop.
 25732 | Orc:4    | Found Laywuw's Food Emporium.
 25744 | Orc:4    | Found Bycheusm's General Store.
 25744 | Orc:4    | Found Ketemek's Distillery.
 25968 | Orc:4    | Bought a potion of heal wounds for 60 gold pieces
 25968 | Orc:4    | Bought a potion of might for 48 gold pieces
 25968 | Orc:4    | Bought a potion of might for 48 gold pieces
 25968 | Orc:4    | Bought a potion of agility for 48 gold pieces
 25968 | Orc:4    | Bought a potion of agility for 48 gold pieces
 25968 | Orc:4    | Bought a potion of curing for 36 gold pieces
 25969 | Orc:4    | Bought a scroll of acquirement for 728 gold pieces
 25977 | Orc:4    | Bought a scroll of identify for 28 gold pieces
 25977 | Orc:4    | Bought a scroll of recharging for 133 gold pieces
 25977 | Orc:4    | Bought a scroll of recharging for 133 gold pieces
 25977 | Orc:4    | Bought a scroll of enchant armour for 105 gold pieces
 25977 | Orc:4    | Bought a scroll of teleportation for 42 gold pieces
 25977 | Orc:4    | Bought a scroll of identify for 28 gold pieces
 25977 | Orc:4    | Bought a scroll of teleportation for 42 gold pieces
 25977 | Orc:4    | Bought a scroll of identify for 28 gold pieces
 25977 | Orc:4    | Bought a scroll of enchant weapon for 105 gold pieces
 25977 | Orc:4    | Bought a scroll of teleportation for 42 gold pieces
 26032 | Orc:4    | Noticed MDvedh's ghost (journeyman MiEn)
 26042 | Orc:4    | Killed MDvedh's ghost
 27237 | D:13     | Found a gate to the Vaults.
 27245 | D:13     | Reached skill level 18 in Stealth
 27316 | D:13     | Reached skill level 10 in Fighting
 27715 | D:13     | Found a shadowy altar of Dithmenos.
 28143 | D:14     | Found a shadowy altar of Dithmenos.
 28269 | D:14     | Found Yloej's Antique Armour Shop.
 28277 | D:14     | Bought a pair of runed gloves for 157 gold pieces
 28645 | D:15     | Entered Level 15 of the Dungeon
 28650 | D:15     | Noticed Nessos
 28658 | D:15     | Killed Nessos
 28941 | D:15     | Got an iridescent long sword
 29029 | D:15     | Reached XP level 16. HP: 135/135 MP: 30/30
 29069 | D:15     | Found a sacrificial altar of Ru.
 29168 | D:15     | Noticed Sonja
 29171 | D:15     | Killed Sonja
 29389 | D:15     | Found a staircase to the Depths.
 29886 | Depths:1 | Entered Level 1 of the Depths
 30582 | Depths:1 | Reached skill level 10 in Armour
 30675 | Depths:1 | Found a one-way gate leading to the halls of Pandemonium.
 30799 | Depths:1 | Reached skill level 1 in Long Blades
 30960 | Depths:1 | Found a gateway to Hell.
 31440 | Depths:1 | Reached skill level 5 in Evocations
 31615 | Depths:2 | Noticed Aizul
 31619 | Depths:2 | Noticed Nikola
 31886 | Depths:1 | Noticed a lich
 31913 | Depths:1 | Killed a lich
 31913 | Depths:1 | Reached skill level 19 in Stealth
 32288 | Snake:1  | Entered Level 1 of the Snake Pit
 32288 | Snake:1  | Noticed Juudaz's ghost (journeyman MiFi)
 32303 | Snake:1  | Killed Juudaz's ghost
 32497 | Snake:1  | Noticed Roxanne
 32804 | Snake:1  | Reached XP level 17. HP: 133/144 MP: 11/32
 33104 | Snake:1  | Killed Roxanne
 33118 | Snake:1  | Identified Roxanne's Catalogue of the Mutagenic Mountains (You took it off Roxanne on level 1 of the Snake Pit)
 33215 | Snake:2  | Got a dazzling cloak
 33274 | Snake:2  | Identified the +1 cloak "Ugosicw" {-Cast rElec rF+} (You found it on level 2 of the Snake Pit)
 33333 | Snake:2  | Noticed Jorgrun
 33336 | Snake:2  | Killed Jorgrun
 33773 | Snake:2  | Reached skill level 5 in Long Blades
 34185 | Snake:2  | Noticed Vashnia
 34472 | Snake:2  | Noticed Norris
 34476 | Snake:2  | Killed Norris
 34898 | Snake:2  | Killed Vashnia
 35357 | Snake:3  | Got a steaming quick blade
 35358 | Snake:3  | Identified the +8 quick blade of the Final Chapter {freeze, +Inv rF- Str+4} (You acquired it on level 3 of the Snake Pit)
 37024 | Snake:4  | Entered Level 4 of the Snake Pit
 37230 | Snake:4  | Reached XP level 18. HP: 154/154 MP: 28/33
 38218 | Snake:4  | Reached skill level 20 in Stealth
 40644 | Snake:4  | Got a serpentine rune of Zot
 41183 | Shoals:1 | Entered Level 1 of the Shoals
 41238 | Shoals:1 | Noticed Frances
 41242 | Shoals:1 | Killed Frances
 41343 | Shoals:1 | Reached skill level 15 in Dodging
 41343 | Shoals:1 | Reached XP level 19. HP: 161/161 MP: 35/35
 41432 | Shoals:1 | Identified a -2 rod of clouds (10/10) (You found it on level 1 of the Shoals)
 42935 | Shoals:4 | Entered Level 4 of the Shoals
 42935 | Shoals:4 | Noticed Ilsuiw
 42982 | Shoals:4 | Found a radiant altar of Vehumet.
 43045 | Shoals:4 | Reached skill level 10 in Long Blades
 43085 | Shoals:4 | Identified a +5 rod of inaccuracy (11/11) (You found it on level 4 of the Shoals)
 43578 | Shoals:4 | Got a barnacled rune of Zot
 43752 | Shoals:4 | Killed Ilsuiw
 44698 | Lair:6   | Learned a level 4 spell: Fulminant Prism
 45017 | Vaults:1 | Entered Level 1 of the Vaults
 45276 | Vaults:1 | Learned a level 2 spell: Repel Missiles
 45279 | Vaults:1 | Learned a level 2 spell: Blink
 45467 | Vaults:1 | Reached skill level 21 in Stealth
 45480 | Vaults:1 | Reached XP level 20. HP: 171/171 MP: 26/36
 47745 | Vaults:2 | Found Debem's Weapon Boutique.
 48730 | Vaults:3 | Found Johoucy's Antique Weapon Shop.
 48801 | Vaults:3 | Found Vogoez's Jewellery Shop.
 48809 | Vaults:3 | Bought an uncursed amulet of resist corrosion for 280 gold pieces
 49665 | Vaults:3 | Found a staircase to the Crypt.
 49665 | Vaults:3 | Found a basalt altar of Yredelemnul.
 49666 | Vaults:3 | Found an ancient bone altar of Kikubaaqudgha.
 49856 | Vaults:4 | Got a steaming hat
 49857 | Vaults:4 | Identified the +1 hat of the Lobster {rPois rCorr Str+4} (You acquired it on level 4 of the Vaults)
 49881 | Vaults:4 | Reached XP level 21. HP: 179/179 MP: 32/38
 50161 | Vaults:4 | Found a magical portal.
 50184 | WizLab   | Entered Wucad Mu's Monastery
 50367 | WizLab   | Reached skill level 10 in Evocations
 50367 | WizLab   | Reached XP level 22. HP: 178/188 MP: 39/39
 50388 | WizLab   | Learned a level 8 spell: Discord
 50393 | WizLab   | Gained mutation: You are agile. (Dex +2) [potion of beneficial mutation]
 52285 | Orc:2    | Bought the ring of Iblihin {rPois rF+ Str+5 Int-2} for 523 gold pieces
 52285 | Orc:2    | Bought the ring "Ukauzoll" {Wiz Str+4 Dex+2} for 644 gold pieces
 52361 | Elf:1    | Entered Level 1 of the Elven Halls
 53112 | Elf:1    | Reached skill level 1 in Charms
 53131 | Elf:1    | Identified the Compendium of Feathery Attacks
 53453 | Elf:2    | Found Ysocw's Jewellery Shoppe.
 53510 | Elf:2    | Learned a level 6 spell: Haste
 53517 | Elf:2    | Got a twisted hat
 53518 | Elf:2    | Identified the +0 hat of the Stag {Dex+4} (You acquired it on level 2 of the Elven Halls)
 53992 | Elf:2    | Found a runed gate.
 53992 | Elf:2    | Found a runed gate.
 54002 | Elf:2    | Found a runed gate.
 54182 | Elf:3    | Entered Level 3 of the Elven Halls
 55141 | Elf:3    | Got a crude robe
 55152 | Elf:3    | Identified the cursed +0 robe of the Sailor {+Inv MR+ Str+4} (You found it on level 3 of the Elven Halls)
 55199 | Elf:3    | Identified the Incunabulum of Stones
 55208 | Elf:3    | Identified the Grimoire of Floating Talismans
 55302 | Elf:3    | Got a pitted tin ring
 55903 | Depths:2 | Noticed Wiglaf
 55905 | Depths:2 | Killed Wiglaf
 55930 | Depths:2 | Reached XP level 23. HP: 195/195 MP: 41/41
 55948 | Depths:2 | Found a gateway to a ziggurat.
 56067 | Depths:2 | Killed Nikola
 56322 | Depths:2 | Noticed dorian's ghost (adept FoAK)
 56352 | Depths:2 | Killed dorian's ghost
 56381 | Depths:2 | Identified a ring "Mimyg" {Dex+4 Stlth-} (You took it off a deep elf knight on level 3 of the Elven Halls)
 56591 | Depths:2 | Killed Aizul
 56856 | Depths:2 | Noticed a juggernaut
 56858 | Depths:2 | Killed a juggernaut
 56867 | Depths:2 | Noticed a tentacled monstrosity
 56869 | Depths:2 | Noticed a tentacled monstrosity
 56880 | Depths:2 | Killed a tentacled monstrosity
 56894 | Depths:2 | Killed a tentacled monstrosity
 56913 | Depths:2 | Noticed a lich
 57076 | Depths:2 | Killed a lich
 57128 | Depths:2 | Noticed a tentacled monstrosity
 57143 | Depths:2 | Killed a tentacled monstrosity
 57150 | Depths:2 | Got a crude amber ring
 57157 | Depths:2 | Noticed a golden dragon
 57170 | Depths:2 | Killed a golden dragon
 57196 | Depths:2 | Identified the ring "Guycaoz" {*Contam rElec rC+ MP+9 Stlth+} (You took it off a spriggan berserker on level 2 of the Depths)
 57223 | Depths:2 | Learned a level 3 spell: Regeneration
 57542 | Zig:1    | Entered Level 1 of a ziggurat
 57573 | Zig:2    | Entered Level 2 of a ziggurat
 57579 | Zig:2    | Reached skill level 5 in Charms
 57698 | Zig:3    | Entered Level 3 of a ziggurat
 57749 | Zig:3    | Got an ancient buckler
 57752 | Zig:3    | Identified the +0 buckler "Odigan" {rCorr Stlth+} (You acquired it on level 3 of a ziggurat)
 57760 | Zig:3    | Identified a +2 rod of inaccuracy (14/14) (You found it on level 3 of a ziggurat)
 57865 | Zig:4    | Entered Level 4 of a ziggurat
 57875 | Zig:4    | Reached skill level 1 in Shields
 57887 | Zig:4    | Got a bound copper ring
 57889 | Zig:4    | Identified the ring "Enaix" {rPois rN+ Str-4 Dex-5 Stlth+} (You found it on level 4 of a ziggurat)
 57892 | Zig:5    | Entered Level 5 of a ziggurat
 57938 | Zig:5    | Got a pair of faintly humming gloves
 57939 | Zig:5    | Identified the +0 pair of gloves "Edghutosi" {MR+ Regen+} (You acquired it on level 5 of a ziggurat)
 58009 | Zig:5    | Got a jewelled short sword
 58010 | Zig:5    | Identified the +6 short sword "Erucat" {freeze, rPois} (You found it on level 5 of a ziggurat)
 58014 | Zig:6    | Entered Level 6 of a ziggurat
 58162 | Zig:6    | Identified a +5 rod of shadows (14/14) (You found it on level 6 of a ziggurat)
 58549 | Depths:3 | Reached skill level 5 in Shields
 58559 | Depths:3 | Found a one-way gate to the infinite horrors of the Abyss.
 59540 | Depths:4 | Reached XP level 24. HP: 204/204 MP: 37/41
 61000 | Depths:4 | Voluntarily entered the Abyss.
 61013 | Abyss:2  | Found a corrupted altar of Lugonu.
 61096 | Abyss:2  | Found a corrupted altar of Lugonu.
 61303 | Abyss:2  | Reached skill level 15 in Spellcasting
 61594 | Abyss:3  | Found a corrupted altar of Lugonu.
 61755 | Abyss:3  | Got a transparent ring mail
 61757 | Abyss:3  | Identified the +5 ring mail of Repulsion {Str+2} (You found it on level 3 of the Abyss)
 62157 | Abyss:4  | Got an abyssal rune of Zot
 62171 | Abyss:4  | Found a corrupted altar of Lugonu.
 62222 | Depths:4 | Escaped the Abyss
 62294 | Depths:5 | Entered Level 5 of the Depths
 62346 | Depths:5 | Reached skill level 22 in Stealth
 62402 | Depths:5 | Found a white marble altar of Elyvilon.
 62640 | Depths:5 | Found a gate to the Realm of Zot.
 63429 | Zot:1    | Entered Level 1 of the Realm of Zot
 63840 | Zot:2    | Reached skill level 15 in Armour
 64060 | Zot:2    | Reached XP level 25. HP: 198/212 MP: 41/42
 64621 | Zot:3    | Reached skill level 23 in Stealth
 65256 | Zot:4    | Learned a level 6 spell: Deflect Missiles
 65270 | Zot:4    | Reached skill level 15 in Fighting
 65373 | Zot:4    | Reached skill level 1 in Air Magic
 65897 | Zot:5    | Entered Level 5 of the Realm of Zot
 66337 | Zot:5    | Reached skill level 5 in Air Magic
 66350 | Zot:5    | Noticed an ancient lich
 66352 | Zot:5    | Killed an ancient lich
 66359 | Zot:5    | Noticed an orb of fire
 66368 | Zot:5    | Gained mutation: Potions and wands are less effective at restoring your health. [an orb of fire]
 66372 | Zot:5    | Noticed an orb of fire
 66376 | Zot:5    | Noticed an orb of fire
 66377 | Zot:5    | Gained mutation: You expend magic power (3 MP) to strengthen your wands. [an orb of fire]
 66383 | Zot:5    | Gained mutation: Armour fits poorly on your strangely shaped body. [an orb of fire]
 66384 | Zot:5    | Gained mutation: Your spells are a little easier to cast, but a little less powerful. [an orb of fire]
 66392 | Zot:5    | Killed an orb of fire
 66392 | Zot:5    | Gained mutation: You are occasionally teleported to nearby monsters. [an orb of fire]
 66394 | Zot:5    | Noticed an orb of fire
 66394 | Zot:5    | Noticed an orb of fire
 66394 | Zot:5    | Noticed an ancient lich
 66401 | Zot:5    | Got the Orb of Zot
 66414 | Zot:5    | Gained mutation: You are surrounded by a mild repulsion field (EV +2). [mutagenic glow]
 66526 | Depths:5 | Noticed Cucoecrali the pandemonium lord
 66544 | Depths:4 | Killed Cucoecrali the pandemonium lord
 66641 | Depths:1 | Noticed Null the pandemonium lord
 66646 | D:15     | Mangled by Null the pandemonium lord

Action                   |  1- 3 |  4- 6 |  7- 9 | 10-12 | 13-15 | 16-18 | 19-21 | 22-24 | 25-27 || total
-------------------------+-------+-------+-------+-------+-------+-------+-------+-------+-------++-------
Melee: Dagger            |    84 |       |       |       |       |       |       |       |       ||    84
       Short sword       |     7 |    91 |   272 |   880 |  1571 |   447 |       |       |       ||  3268
       Quick blade       |       |       |       |       |       |   624 |  1216 |   996 |   187 ||  3023
       Demon blade       |       |       |       |       |       |    25 |    33 |   612 |   113 ||   783
Throw: Javelin           |       |       |       |     6 |       |     9 |       |       |       ||    15
 Cast: Ensorcelled Hiber |     3 |    16 |    36 |   114 |   138 |    90 |    23 |    10 |     2 ||   432
       Confuse           |       |     1 |    10 |    25 |    31 |   144 |    46 |    66 |     7 ||   330
       Dazzling Spray    |       |       |     6 |    29 |    53 |    31 |    65 |    62 |     7 ||   253
       Tukima's Dance    |       |       |       |    24 |     8 |    59 |    18 |    21 |       ||   130
       Invisibility      |       |       |       |       |    20 |    19 |    24 |    18 |     4 ||    85
       Darkness          |       |       |       |       |     4 |    14 |     5 |     2 |     1 ||    26
       Repel Missiles    |       |       |       |       |       |       |     3 |     6 |       ||     9
       Discord           |       |       |       |       |       |       |       |    15 |     3 ||    18
       Regeneration      |       |       |       |       |       |       |       |    23 |     5 ||    28
       Haste             |       |       |       |       |       |       |       |       |     2 ||     2
       Deflect Missiles  |       |       |       |       |       |       |       |       |     1 ||     1
Invok: Shadow Step       |       |       |       |     5 |       |    10 |     7 |    10 |     6 ||    38
 Abil: Stop Flying       |       |       |       |     1 |     1 |     1 |     3 |     4 |       ||    10
       End Transformatio |       |       |       |     1 |       |       |       |       |       ||     1
       Bat Form          |       |       |       |     1 |       |       |       |       |       ||     1
       Evoke Flight      |       |       |       |       |     1 |     2 |     2 |     4 |     1 ||    10
Evoke: Deck              |       |       |       |     3 |     7 |       |       |     2 |       ||    12
       Wand              |       |       |       |       |     9 |     2 |     6 |     4 |     8 ||    29
       Box of beasts     |       |       |       |       |       |     9 |       |     1 |       ||    10
       Phial of floods   |       |       |       |       |       |     3 |     2 |     6 |     1 ||    12
       Fan of gales      |       |       |       |       |       |     2 |     1 |     6 |     2 ||    11
       Rod               |       |       |       |       |       |       |       |    19 |     5 ||    24
  Use: Potion            |     2 |     1 |     3 |     6 |     6 |    13 |     3 |     3 |    20 ||    57
       Scroll            |       |     8 |     3 |    21 |    13 |     6 |    18 |    49 |    13 ||   131
 Stab: Sleeping          |    13 |    15 |    38 |   138 |   286 |   177 |   180 |   165 |    28 ||  1040
       Confused          |       |       |     8 |    20 |    22 |    52 |    26 |    35 |     4 ||   167
       Invisible         |       |       |     1 |    13 |    82 |    63 |   127 |    82 |    29 ||   397
       Distracted        |       |       |       |     2 |     8 |    16 |    12 |    27 |     2 ||    67
       Petrified         |       |       |       |       |     1 |       |       |       |       ||     1
  Eat: Corpse            |    12 |     8 |    10 |    45 |    62 |    59 |    44 |    65 |     6 ||   311
